 Dungeon Crawl Stone Soup version 0.24.0-35-gdb84b6a5db (webtiles) character file.

Game seed: 12224769278284644513, levelgen mode: deterministic

6040 Amplified the Blocker (level 10, -8/71 HPs)
             Began as an Octopode Fighter on Nov 18, 2019.
             Was an Initiate of Gozag.
             Killed from afar by an electric eel (10 damage)
             ... with a bolt of electricity
             ... on level 7 of the Dungeon.
             The game lasted 00:15:26 (7358 turns).

Amplified the Blocker (Octopode Fighter)            Turns: 7358, Time: 00:15:27

Health: -8/71      AC:  1    Str: 19 (20) XL:     10   Next: 86%
Magic:  10/10      EV: 18    Int: 12 (13) God:    Gozag
Gold:   1532       SH: 12    Dex: 13 (15) Spells: 9/9 levels left

rFire    . . .     SeeInvis .   f - +2 whip (elec)
rCold    . . .     Gourm    .   b - +0 shield
rNeg     . . .     Faith    .   (helmet restricted)
rPois    .         Spirit   .   (no amulet)
rElec    .         Reflect  .   i - +2 ring of evasion
rCorr    .         Harm     .   o - +3 ring of slaying
MR       +....                  w - +5 ring of strength
Stlth    ++........             (no ring)
HPRegen  0.21/turn              (no ring)
MPRegen  0.12/turn              (no ring)
                                (no ring)
                                (no ring)

@: no status effects
A: almost no armour, stealthy swim, amphibious, 8 rings, constrict 8, antennae
1, camouflage 1, agile 1, deterioration 2, magic resistance 1, gelatinous body 1
a: Potion Petition, Call Merchant, Bribe Branch, Renounce Religion


You were on level 7 of the Dungeon.
You worshipped Gozag.
Gozag was most pleased with you.
You were not hungry.

You visited 2 branches of the dungeon, and saw 10 of its levels.
You also visited: Bailey.

You collected 1615 gold pieces.
You paid 83 gold pieces to Gozag.

Inventory:

Hand Weapons
 f - a +2 whip of electrocution (weapon)
 k - a +2 flail of holy wrath
Missiles
 a - 51 boomerangs
 l - 2 throwing nets (quivered)
 x - 20 poisoned darts
Armour
 b - a +0 shield (worn)
Jewellery
 i - a +2 ring of evasion (left tentacle)
 o - a +3 ring of slaying (right tentacle)
 w - a +5 ring of strength (on tentacle)
Wands
 h - a wand of iceblast (6)
 u - a wand of digging (4)
Scrolls
 c - 2 scrolls of fear
 g - 5 scrolls of identify
 j - 6 scrolls of remove curse
 n - 3 scrolls of teleportation
 q - 3 scrolls of enchant armour
 r - a scroll of immolation
 y - a scroll of magic mapping
Potions
 e - a potion of magic
 m - a potion of mutation
 s - a potion of ambrosia
 t - 2 potions of flight
Miscellaneous
 v - a phial of floods (inert)
Comestibles
 d - 11 rations


   Skills:
 + Level 7.2 Fighting
 * Level 9.5 Maces & Flails
 + Level 7.2 Dodging
 * Level 9.8 Shields


You had 9 spell levels left.
You didn't know any spells.
Your spell library contained the following spells:

 Spells                   Type           Power        Failure   Level  Hunger
 Animate Skeleton         Necr           N/A          54%         1    ##.....
 Apportation              Tloc           #.....       54%         1    ##.....
 Confusing Touch          Hex            #.....       54%         1    ##.....
 Corona                   Hex            #......      54%         1    ##.....
 Shock                    Conj/Air       #...         54%         1    ##.....
 Summon Small Mammal      Summ           #...         54%         1    ##.....
 Call Imp                 Summ           #.......     67%         2    ###....
 Slow                     Hex            #.......     67%         2    ###....
 Swiftness                Chrm/Air       #.......     67%         2    ###....
 Call Canine Familiar     Summ           #.......     88%         3    ####...
 Inner Flame              Hex/Fire       #.......     88%         3    ####...
 Portal Projectile        Hex/Tloc       #.....       88%         3    ####...
 Static Discharge         Conj/Air       #.......     88%         3    ####...
 Summon Guardian Golem    Hex/Summ       #.......     88%         3    ####...
 Airstrike                Air            #.........   99%         4    #####..
 Cause Fear               Hex            #.........   99%         4    #####..
 Leda's Liquefaction      Hex/Erth       #.........   99%         4    #####..
 Summon Ice Beast         Ice/Summ       #.......     99%         4    #####..
 Summon Lightning Spire   Summ/Air       #.......     99%         4    #####..
 Lightning Bolt           Conj/Air       #.........   100%        5    ######.


Dungeon Overview and Level Annotations

Branches:
Dungeon (9/15)             Temple (1/1) D:5            Lair (0/6) D:8
 Bailey (visited)
    Orc: D:9-12

Altars:
Ashenzari
Cheibriados
Elyvilon
Fedhas
Gozag
Hepliaklqana
Kikubaaqudgha
Makhleb
Nemelex Xobeh
Okawaru
Qazlal
Sif Muna
Trog
Uskayaw
Vehumet
Wu Jian
Xom
Yredelemnul
Zin
The Shining One

Shops:
D:7 :

Annotations:
D:2 1 runed translucent door, Crazy Yiuf, Terence
D:3 Centaur D:4


Innate Abilities, Weirdness & Mutations

You cannot wear most types of armour.
You are very stealthy in the water. (Stealth+)
You are amphibious.
You can wear up to eight rings at the same time.
You can use your tentacles to constrict eight enemies at once.
Your skin changes colour to match your surroundings (Stealth+).
Your rubbery body absorbs attacks. (AC +1, EV +1)
You have a pair of small antennae on your head.
You are agile. (Dex +2)
Your body often deteriorates upon taking damage.
You are resistant to hostile enchantments. (MR+)


Message History

The electric eel shoots out a bolt of lightning at you!
The bolt of electricity hits you!
The electric eel shoots out a bolt of lightning at you!
The bolt of electricity hits the electric eel.
The electric eel completely resists.
The bolt of electricity hits you!
Your body deteriorates!
You feel dopey.
The electric eel shoots out a bolt of lightning at you!
The bolt of electricity hits the electric eel.
The electric eel completely resists.
The bolt of electricity hits you!
* * * LOW HITPOINT WARNING * * *
The electric eel shoots out a bolt of lightning at you!
The bolt of electricity hits the electric eel.
The electric eel completely resists.
The bolt of electricity hits the electric eel.
The electric eel completely resists.
The bolt of electricity hits you!
* * * LOW HITPOINT WARNING * * *
The electric eel shoots out a bolt of lightning at you!
The bolt of electricity hits you!
You die...
Your body crumbles into a pile of gold.

....#.# ###....#.######
#...#[#######.............
.................#########
....##...######.##
....#.....## #.#
.#...∩.....# #.#
.#.##.....## #.#
.#.###....# #.### $ .#.#
##.#.# #.@.### .#.####.#.#
#.#...## # ..>......#.
###.###..# ≈≈#
....#...###......#...#≈≈≈##
##..# ##.# #####.....;;≈≈≈.
#..# ######....≈P≈;≈≈≈ #..#
.......≈≈≈≈≈≈≈.P.
#..######......≈≈≈≈≈P≈≈...
##...##....≈≈≈P≈P≈≈≈≈≈≈....


You could see 3 electric eels.

Vanquished Creatures
  Erica (D:8)
  Pikel (D:6)
  Joseph (D:8)
  Prince Ribbit (D:8)
  2 wyverns
  Eustachio (D:6)
  A hungry ghost (D:8)
  A water moccasin (D:5)
  5 orc warriors
  Duvessa (D:5)
  A black bear (D:9)
  4 phantoms
  3 ice beasts
  4 ogres
  4 centaurs
  Blork the orc (D:6)
  A bullfrog (D:6)
  Dowan (D:5)
  5 scorpions
  6 wights
  A howler monkey (D:6)
  2 crimson imps (D:5)
  A bullfrog zombie (D:6)
  3 hounds
  A jelly (D:6)
  A bullfrog skeleton (D:7)
  3 orc priests
  6 orc wizards
  Jessica (D:3)
  4 iguanas
  3 worker ants
  A hound zombie (D:6)
  Robin (D:3)
  8 gnolls
  A howler monkey skeleton (D:3)
  9 adders
  2 shadow imps
  3 oozes
  2 adder skeletons (D:4)
  An adder zombie (D:5)
  2 worms (D:3)
  2 dart slugs
  4 leopard geckos
  25 orcs
  8 bats
  5 giant cockroaches
  20 goblins
  9 hobgoblins
  11 jackals
  23 kobolds
  4 quokkas
  5 ball pythons
  5 frilled lizards
  2 quokka skeletons
  11 rats
235 creatures vanquished.

Vanquished Creatures (collateral kills)
  An orc wizard (D:8)
1 creature vanquished.

Vanquished Creatures (others)
  A bullfrog (D:6)
  A jelly (D:6)
2 creatures vanquished.

Grand Total: 238 creatures vanquished

Notes
Turn   | Place    | Note
-------+----------+-------------------------------------------
     0 | D:1      | Amplified the Octopode Fighter began the quest for the Orb.
     0 | D:1      | Reached XP level 1. HP: 16/16 MP: 1/1
    72 | D:2      | Reached XP level 2. HP: 7/21 MP: 2/2
   662 | D:1      | Reached XP level 3. HP: 24/26 MP: 3/3
   722 | D:1      | Gained mutation: Your body sometimes deteriorates upon
                  | taking damage. [potion of mutation]
   722 | D:1      | Gained mutation: You occasionally shout uncontrollably at
                  | your foes. [potion of mutation]
   722 | D:1      | Gained mutation: Your muscles are strong. (Str +2) [potion
                  | of mutation]
   922 | D:2      | Found a blossoming altar of Fedhas.
   979 | D:2      | Lost mutation: You occasionally shout uncontrollably at
                  | your foes. [potion of mutation]
   979 | D:2      | Lost mutation: Your muscles are strong. (Str +2) [potion of
                  | mutation]
   979 | D:2      | Gained mutation: Your body often deteriorates upon taking
                  | damage. [potion of mutation]
   979 | D:2      | Gained mutation: You have a pair of small antennae on your
                  | head. [potion of mutation]
   979 | D:2      | Gained mutation: You are agile. (Dex +2) [potion of
                  | mutation]
   979 | D:2      | Gained mutation: You are resistant to hostile enchantments.
                  | (MR+) [potion of mutation]
   996 | D:2      | Reached XP level 4. HP: 31/31 MP: 4/4
  1026 | D:2      | Found a shimmering altar of Xom.
  1283 | D:2      | Found a runed translucent door.
  1284 | D:2      | Noticed Crazy Yiuf
  1285 | D:2      | Noticed Terence
  1626 | D:3      | Noticed Robin
  1659 | D:3      | Killed Robin
  1659 | D:3      | Reached XP level 5. HP: 31/36 MP: 5/5
  1786 | D:3      | Noticed Jessica
  1795 | D:3      | Killed Jessica
  2131 | D:4      | Noticed a centaur
  2479 | D:4      | Reached XP level 6. HP: 31/43 MP: 6/6
  2734 | D:5      | Entered Level 5 of the Dungeon
  2761 | D:5      | Noticed a water moccasin
  2777 | D:5      | Found an ancient bone altar of Kikubaaqudgha.
  2778 | D:5      | Found a burning altar of Makhleb.
  2779 | D:5      | Found a shattered altar of Ashenzari.
  2779 | D:5      | Found an opulent altar of Gozag.
  2808 | D:5      | Found a staircase to the Ecumenical Temple.
  2828 | Temple   | Entered the Ecumenical Temple
  2944 | D:5      | Became a worshipper of Gozag Ym Sagoz the Greedy
  3006 | D:5      | Killed a water moccasin
  3006 | D:5      | Reached skill level 5 in Shields
  3006 | D:5      | Reached XP level 7. HP: 35/48 MP: 7/7
  3055 | D:5      | Found a hazy altar of Hepliaklqana.
  3099 | D:5      | Noticed Dowan
  3106 | D:5      | Noticed Duvessa
  3111 | D:5      | Killed Dowan
  3138 | D:5      | Killed Duvessa
  3138 | D:5      | Reached skill level 5 in Maces & Flails
  3146 | D:5      | Found an ornate altar of the Wu Jian Council.
  3195 | D:6      | Noticed Pikel
  3241 | D:6      | Killed Pikel
  3241 | D:6      | Reached skill level 5 in Fighting
  3241 | D:6      | Reached skill level 5 in Dodging
  3241 | D:6      | Reached XP level 8. HP: 31/55 MP: 8/8
  3396 | D:6      | Noticed Eustachio
  3397 | D:6      | Noticed Blork the orc
  3470 | D:5      | Reached XP level 9. HP: 34/61 MP: 9/9
  4021 | D:4      | Found a white marble altar of Elyvilon.
  4194 | D:4      | Found a hide-covered altar of Uskayaw.
  4451 | D:4      | Found a shimmering blue altar of Sif Muna.
  4631 | D:6      | Killed Eustachio
  4748 | D:6      | Killed Blork the orc
  4785 | D:6      | Found a shimmering blue altar of Sif Muna.
  5303 | D:7      | Found Ybriceko's Book Boutique.
  5805 | D:8      | Noticed Prince Ribbit
  5812 | D:8      | Killed Prince Ribbit
  5812 | D:8      | Reached XP level 10. HP: 57/69 MP: 10/10
  5874 | D:8      | Noticed Erica
  5874 | D:8      | Noticed Joseph
  5885 | D:8      | Killed Erica
  5889 | D:8      | Killed Joseph
  5916 | D:8      | Found a flagged portal.
  5938 | Bailey   | Entered a bailey
  6432 | D:8      | Found a staircase to the Lair.
  7015 | D:9      | Noticed a two-headed ogre
  7358 | D:7      | HP: 2/71 [electric eel/bolt of electricity (13)]
  7358 | D:7      | Killed from afar by an electric eel

Levels and vault maps discovered:
D:1:      erik_arrival_blinker_ship, layout_basic, serial_glass,
          glass_columns_b, glass_columns_a
D:2:      layout_basic, nicolae_overflow_crystal_walls, fedhas_altar_1,
          st_stairs_7, uniq_crazy_yiuf_cottage, uniq_terence
D:3:      layout_rooms, first_ration, uniq_robin, uniq_jessica
D:4:      minmay_inner_zag, layout_rooms, lemuel_round_altar,
          lemuel_doored_altar, led_sif_pool
D:5:      layout_rooms, kennysheep_mini,
          chequers_temple_overflow_statue_of_worship, old_standard_altar,
          minmay_temple_entry_wispy, uniq_duvessa
D:6:      layout_basic, kennysheep_mini_moat, st_stairs_6, uniq_pikel,
          uniq_blork_the_orc, uniq_eustachio
D:7:      layout_loops_ring, serial_shops, shop, chequers_big_river
D:8:      layout_loops_ring, lair_entry_dummy, enter_bailey_2, uniq_erica,
          uniq_joseph, uniq_prince_ribbit1
D:9:      layout_cave_pools, gammafunk_temple_overflow_statue
Temple:   dpeg_three_leaves_temple

Skill      XL: |  1  2  3  4  5  6  7  8  9 10 |
---------------+-------------------------------+-----
Maces & Flails | 3 4 6 8 9 |  9.5
Shields        | 4 5 6 7 8 9 |  9.8
Fighting       | 4 5 6 7 |  7.2
Dodging        | 4 5 6 7 |  7.2

Action                   |  1- 3 |  4- 6 |  7- 9 | 10-12 || total
-------------------------+-------+-------+-------+-------++-------
Melee: Flail             |    54 |   117 |    34 |       ||   205
       Constrict         |    17 |    37 |    37 |    30 ||   121
       Tentacles         |     8 |    26 |    35 |    35 ||   104
       Whip              |       |       |   135 |   129 ||   264
Throw: Throwing net      |       |     1 |     1 |       ||     2
Evoke: Wand              |       |       |    13 |     5 ||    18
       Phial of floods   |       |       |       |     1 ||     1
  Use: Potion            |     6 |     4 |     4 |     3 ||    17
       Scroll            |     6 |     5 |     7 |     2 ||    20
 Stab: Sleeping          |     3 |     8 |     7 |     1 ||    19
       Distracted        |       |       |     2 |     4 ||     6
  Eat: Chunk             |       |     6 |       |       ||     6
       Ration            |       |     1 |     2 |     2 ||     5
Armor: Skin              |     7 |     8 |     8 |     5 ||    28
Dodge: Dodged            |    30 |    78 |    58 |    80 ||   246
Block: Shield            |    28 |    57 |    69 |    85 ||   239
